 Dungeon Crawl Stone Soup version 0.26.0-7-g794d0892b4 (webtiles) character file.

Game seed: 9520003584566696191

65 jackrogers the Slasher (level 4, -4/54 HPs)
             Began as a Barachi Berserker on Jan 12, 2021.
             Was a Believer of Trog.
             Slain by a gnoll
             ... wielding a +0 spear
              (11 damage)
             ... on level 2 of the Dungeon.
             The game lasted 00:01:29 (1904 turns).

jackrogers the Slasher (Barachi Berserker)          Turns: 1904, Time: 00:01:29

Health: -4/54      AC:  2    Str: 19    XL:     4   Next: 13%
Magic:  4/4        EV: 12    Int:  7    God:    Trog [**....]
Gold:   28         SH:  0    Dex: 12    Spells: 3/3 levels left

rFire    . . .     SeeInvis .   h - +2 dagger (venom)
rCold    + . .     Faith    .   (no shield)
rNeg     . . .     Spirit   .   b - +0 animal skin
rPois    .         Reflect  .   (no helmet)
rElec    .         Harm     .   (no cloak)
rCorr    .         Rampage  .   (no gloves)
Will     .....                  (no boots)
Stlth    ..........             (no amulet)
HPRegen  0.18/turn              j - ring of protection from cold {rC+, !d}
MPRegen  0.09/turn              (no ring)

@: berserking, lethally poisoned (-4 -> -5), very quick
A: +LOS, swims, slowness 1, strong legs 1
a: Hop, Renounce Religion, Berserk, Trog's Hand


You were on level 2 of the Dungeon.
You worshipped Trog.
Trog was pleased with you.
You visited 1 branch of the dungeon, and saw 2 of its levels.

You collected 28 gold pieces.

Inventory:

Hand Weapons
 a - a +0 falchion
 f - a +1 dagger of venom
   (You took it off a goblin on level 1 of the Dungeon)
 h - a +2 dagger of venom (weapon)
   (You took it off a kobold on level 2 of the Dungeon)
Armour
 b - a +0 animal skin (worn)
Jewellery
 j - a ring of protection from cold (left hand) {rC+, !d}
   (You found it on level 2 of the Dungeon)
Scrolls
 d - a scroll of remove curse
Potions
 c - a potion of berserk rage {unknown}
 e - a potion of lignification {!q}


   Skills:
 - Level 3.6 Fighting
 + Level 5.9 Long Blades
 - Level 2.4 Armour
 - Level 2.1 Dodging


You had 3 spell levels left.
You didn't know any spells.
Your spell library was empty.

Dungeon Overview and Level Annotations

Branches:
Dungeon (2/15)

Altars:


Innate Abilities, Weirdness & Mutations

You can be seen from farther away. (+LOS)
You can swim through water.
You cover ground slowly.
You can hop short distances.


Message History

Spoiler Alert: The gnoll can hit for moderate damage in melee, and throws nets!
As you read the scroll labelled IWADOO TUEBIU, it crumbles to dust.
It is a scroll of identify.
e - a potion of lignification A gnoll comes into view.
It is wielding a +0 flail.
The gnoll shouts!
A gnoll comes into view. It is wielding a +0 halberd.
Warning x3: The gnoll can hit for moderate damage in melee, and throws nets! x3
A gnoll comes into view.
The gnoll shouts!
Danger x4: gnoll x4!
The gnoll barely misses you. The gnoll hits you with a +0 spear.
You hit the gnoll. You hit the gnoll. The gnoll hits you with a +0 spear.
The gnoll barely misses you.
The gnoll hits you from afar with a +0 spear.
The gnoll barely misses you. The gnoll closely misses you.
Danger x4: gnoll x4!
There is a stone staircase leading up here.
The gnoll hits you from afar with a +0 spear!
The gnoll misses you. The gnoll barely misses you.
You climb upwards.
There is a stone staircase leading down here.
Spoiler Alert: The gnoll can hit for moderate damage in melee, and throws nets!
You hit the gnoll.
The gnoll is poisoned.
The gnoll barely misses you.
Spoiler Alert: The gnoll (very poisoned) can hit for moderate damage in melee, and throws nets!
You hit the gnoll.
The gnoll looks as sick as possible!
Spoiler Alert: The gnoll (extremely poisoned) can hit for moderate damage in melee, and throws nets!
You hit the gnoll.
You kill the gnoll!
Trog accepts your kill.
You see here a +0 flail.
You start resting.
There is an escape hatch in the floor here.
You slide downwards.
The hatch slams shut behind you.
A leopard gecko, a quokka and a goblin come into view.
A worm comes into view.
The leopard gecko moves out of view.
Spoiler Alert: The worm can hit for moderate damage in melee!
Found a stone staircase leading up.
You hit the goblin.
The goblin is poisoned.
The goblin hits you with a +0 club.
You hit the goblin. The quokka closely misses you.
The goblin barely misses you.
You hit the goblin.
You kill the goblin!
Trog accepts your kill. The quokka bites you.
Spoiler Alert: The worm can hit for moderate damage in melee!
You hit the quokka.
The quokka is poisoned.
The quokka barely misses you.
You hit the quokka.
You kill the quokka!
Trog accepts your kill.
An adder comes into view.
Warning x2: The worm can hit for moderate damage in melee!
The adder (wandering) is fast and can poison!
The adder hisses angrily.
Warning x2: The worm can hit for moderate damage in melee!
The adder is fast and can poison!
You hit the worm.
The worm is poisoned.
The worm barely misses you.
Warning x2: The worm (very poisoned) can hit for moderate damage in melee!
The adder is fast and can poison!
You hit the worm.
The worm looks as sick as possible!
Warning x2: The adder is fast and can poison!
The worm (extremely poisoned) can hit for moderate damage in melee!
You hit the worm.
The worm looks as sick as possible!
The worm misses you.
Warning x2: The adder is fast and can poison!
The worm (extremely poisoned) can hit for moderate damage in melee!
You hit the worm.
You kill the worm!
Trog accepts your kill. The adder barely misses you.
You miss the adder. The adder barely misses you.
Warning x2: The gnoll (wandering) can hit for moderate damage in melee, and throws nets!
The adder is fast and can poison!
You miss the adder.
The gnoll shouts!
The adder misses you.
Warning x2: The gnoll can hit for moderate damage in melee, and throws nets!
The adder is fast and can poison!
You closely miss the adder. The adder closely misses you. x2
Warning x2: The gnoll can hit for moderate damage in melee, and throws nets!
The adder is fast and can poison!
You hit the adder but do no damage. The adder bites you but does no damage.
Warning x2: The gnoll can hit for moderate damage in melee, and throws nets!
The adder is fast and can poison!
You hit the adder.
The adder is poisoned.
The adder bites you.
You are poisoned.
The adder poisons you!
Warning x2: The gnoll can hit for moderate damage in melee, and throws nets!
The adder (very poisoned) is fast and can poison!
You closely miss the adder.
You feel sick. The adder completely misses you.
Warning x2: The gnoll can hit for moderate damage in melee, and throws nets!
The adder (very poisoned) is fast and can poison!
You hit the adder. The adder bites you but does no damage.
Danger x4: gnoll, adder (very poisoned), gnoll (wandering) x2!
The gnoll shouts! x2
You hit the adder. The adder bites you.
Danger x4: gnoll x3, adder (very poisoned)!
You hit the adder.
You kill the adder!
Trog accepts your kill.
The gnoll hits you from afar with a +0 spear!
You have reached level 4!
You feel agile.
Warning x3: The gnoll can hit for moderate damage in melee, and throws nets! x3
You feel sick. The gnoll hits you with a +0 spear!
* * * LOW HITPOINT WARNING * * *
A red film seems to cover your vision as you go berserk!
You feel yourself moving faster!
You feel mighty! The gnoll hits you with a +0 spear!
You die...

.............# ..
......)......# #..# ...+
.............+..... ...#
.............#.#... ...
<................. ..
..#..............## .#
....................
.#####.#...........(..#
............g..g@.....##...
............g..............
.................##...$....
.........#######.. ........
g.g......# ## #.##........
.g.......### #.. ........
.<.........+ ... #+#.....
....†....## #.. .....
.#.)...(.# #..# ....


You could see 3 gnolls.

Vanquished Creatures
  A gnoll (D:1)
  An adder (D:2)
  An ooze (D:1)
  A worm (D:2)
  A dart slug (D:1)
  2 leopard geckos (D:1)
  3 giant cockroaches
  8 goblins
  5 hobgoblins (D:1)
  A quokka (D:2)
  A ball python (D:1)
  3 bats (D:1)
  A frilled lizard (D:1)
  3 kobolds
  3 rats
35 creatures vanquished.

Notes
Turn   | Place    | Note
-------+----------+-------------------------------------------
     0 | D:1      | jackrogers the Barachi Berserker began the quest for the
                  | Orb.
     0 | D:1      | Reached XP level 1. HP: 18/18 MP: 1/1
    93 | D:1      | HP: 2/18 [dart slug (3)]
    97 | D:1      | Reached skill level 4 in Long Blades
   505 | D:1      | Reached XP level 2. HP: 22/24 MP: 2/2
   833 | D:1      | Reached XP level 3. HP: 19/29 MP: 3/3
   998 | D:1      | Reached skill level 5 in Long Blades
  1162 | D:1      | Reached ** piety under Trog
  1903 | D:2      | Reached XP level 4. HP: 12/36 MP: 4/4
  1903 | D:2      | HP: 4/36 [gnoll/+0 spear (7)]
  1904 | D:2      | Slain by a gnoll

Illustrated notes

Levels and vault maps discovered:
D:1:      lightli_arrival_maybe_door_vault, layout_basic, minmay_cut_off
D:2:      layout_basic, lemuel_doored_altar, tso_metal_star

Skill      XL: |  1  2  3 |
---------------+----------+-----
Long Blades    | 4 5 |  5.9
Fighting       | |  3.6
Armour         | |  2.4
Dodging        | |  2.1

Action                   |  1- 3 |  4- 6 || total
-------------------------+-------+-------++-------
Melee: Falchion          |    65 |       ||    65
       Dagger            |    35 |       ||    35
Invok: Berserk           |       |     1 ||     1
  Use: Scroll            |     3 |       ||     3
Armor: Animal skin       |    19 |       ||    19
Dodge: Dodged            |    66 |       ||    66
       Rpst.: Falchion   |    14 |       ||    14

Table legend: (Time is in decaauts)
 A = Elapsed time spent in this place.
 B = Non-inter-level travel time spent in this place.
 C = Inter-level travel time spent in this place.
 D = Time resting spent in this place.
 E = Time spent auto-exploring this place.
 F = Levels seen in this place.
 G = Mean time per level.
                   A        B        C        D        E       F      G
               +--------+--------+--------+--------+--------+-----+--------+
         Total |   2035 |   1967 |     68 |    599 |   1123 |   2 | 1017.5 |
       Dungeon |   2035 |   1967 |     68 |    599 |   1123 |   2 | 1017.5 |
               +--------+--------+--------+--------+--------+-----+--------+

Top non-repeatable levels by time:
     D:1: 1946 daAuts
     D:2: 89 daAuts

Table legend:
 A = Kills in this place as a percentage of kills in entire the game.
 B = Kills by you in this place as a percentage of kills by you in the entire game.
 C = Kills by friends in this place as a percentage of kills by friends in the entire game.
 D = Other kills in this place as a percentage of other kills in the entire game.
 E = Experience gained in this place as a percentage of experience gained in the entire game.
 F = Experience gained in this place divided by the number of levels of this place that you have seen.
                   A       B       C       D       E      F
               +-------+-------+-------+-------+-------+----------------------
         Total | 100.0 | 100.0 |   N/A |   N/A | 100.0 |  46.5
       Dungeon | 100.0 | 100.0 |   N/A |   N/A | 100.0 |  46.5
               +-------+-------+-------+-------+-------+----------------------
